 Dungeon Crawl Stone Soup version 0.20.2-3-g29329e0561 (webtiles) character file.

204 Alfie the Skirmisher (level 5, 0/47 HPs)
             Began as a Hill Orc Fighter on Aug 25, 2023.
             Succumbed to a kobold's poison
             ... on level 3 of the Dungeon.
             The game lasted 00:05:07 (2017 turns).

Alfie the Skirmisher (Hill Orc Fighter)             Turns: 2017, Time: 00:05:08

Health: 0/47       AC:  5    Str: 20    XL:     5   Next: 82%
Magic:  5/5        EV: 10    Int:  8    God:
Gold:   150        SH:  9    Dex: 10    Spells: 4/4 levels left

rFire    . . .     SeeInvis .   a - +0 rapier
rCold    . . .     Gourm    .   c - +0 shield
rNeg     . . .     Faith    .   b - +1 scale mail
rPois    .         Spirit   .   (no helmet)
rElec    .         Reflect  .   (no cloak)
rCorr    .         Harm     .   (no gloves)
MR       .....                  (no boots)
Stlth    ..........             (no amulet)
Regen    0.2/turn               (no ring)
MPRegen  0.1/turn               (no ring)

@: lethally poisoned (0 -> -15)
A: claws 1, repulsion field 1, deformed body, screaming 1
a: no special abilities


You were on level 3 of the Dungeon.
You were not hungry.

You visited 1 branch of the dungeon, and saw 3 of its levels.

You collected 150 gold pieces.

Inventory:

Hand Weapons
 a - a +0 rapier (weapon)
Missiles
 n - 8 tomahawks (quivered)
Armour
 b - a +1 scale mail (worn)
 c - a +0 shield (worn)
Scrolls
 g - 2 scrolls of identify
 h - a scroll of teleportation
 k - a scroll of enchant weapon {unknown}
 l - a scroll of fear {unknown}
 m - a scroll of blinking {unknown}
Potions
 d - 2 potions of might
 e - a potion of curing {unknown}
 o - a potion of cancellation {unknown}
Comestibles
 f - a bread ration
 i - 2 meat rations
 j - 2 royal jellies


   Skills:
 + Level 4.4 Fighting
 + Level 3.5 Short Blades
 + Level 4.4 Armour
 + Level 1.0 Dodging
 + Level 0.5 Stealth
 + Level 4.1 Shields


You had 4 spell levels left.
You didn't know any spells.

Dungeon Overview and Level Annotations

Branches:
Dungeon (3/15)

Altars:
Makhleb
Nemelex Xobeh
Okawaru
Yredelemnul


Innate Abilities, Weirdness & Mutations

You have sharp fingernails.
You are surrounded by a mild repulsion field. (EV +2)
Armour fits poorly on your strangely shaped body.
You occasionally shout uncontrollably at your foes.


Message History

You block the orc's attack. The orc hits you with a hand axe.
* * * LOW HITPOINT WARNING * * *
You puncture the orc!
You kill the orc!
The kobold shoots a poisoned needle.
The poisoned needle hits you!
You are poisoned.
The orc closely misses you.
You hit the orc.
The orc is heavily wounded.
You feel sick. The orc hits you but does no damage. You block the orc's attack.
You puncture the orc!
You kill the orc!
You feel sick. The orc misses you.
You hit the frilled lizard.
You kill the frilled lizard!
You feel sick. The orc hits you with a club.
* * * LOW HITPOINT WARNING * * *
The kobold shoots a poisoned needle.
The poisoned needle hits you!
You are more poisoned.
You die...

.. ......# ##.###....%#
#...#......# ..........
#....... #.$..# #....####
#...K@(.# #....##o####
........##....######
#........##.........######
#......#####........#.....
######. #........#.#### #!
#........#.##.. #.
#..........##..
##........####..


You could see an orc and a kobold.

Vanquished Creatures
  An orc priest (D:3)
  Jessica (D:2)
  5 adders
  2 worms (D:3)
  A dart slug (D:1)
  A leopard gecko (D:2)
  11 orcs (D:3)
  A giant cockroach (D:2)
  4 goblins
  8 hobgoblins
  2 jackals (D:2)
  7 kobolds
  A quokka (D:3)
  7 bats
  9 frilled lizards
  9 rats
70 creatures vanquished.

Vanquished Creatures (others)
  An orc wizard (D:3)
1 creature vanquished.

Grand Total: 71 creatures vanquished

Notes
Turn   | Place    | Note
-------+----------+-------------------------------------------
     0 | D:1      | Alfie the Hill Orc Fighter began the quest for the Orb.
     0 | D:1      | Reached XP level 1. HP: 19/19 MP: 1/1
    99 | D:1      | Reached XP level 2. HP: 17/27 MP: 2/2
   143 | D:1      | Found an iron altar of Okawaru.
   670 | D:2      | Reached XP level 3. HP: 33/33 MP: 3/3
   763 | D:2      | Found a basalt altar of Yredelemnul.
   767 | D:2      | Found a sparkling altar of Nemelex Xobeh.
   875 | D:2      | Reached XP level 4. HP: 17/40 MP: 4/4
   939 | D:2      | Gained mutation: You have sharp fingernails. [potion of mutation]
   939 | D:2      | Gained mutation: Armour fits poorly on your strangely shaped body. [potion of mutation]
   939 | D:2      | Gained mutation: You occasionally shout uncontrollably at your foes. [potion of mutation]
   939 | D:2      | Gained mutation: You are surrounded by a mild repulsion field. (EV +2) [potion of mutation]
  1118 | D:2      | Noticed Jessica
  1121 | D:2      | Killed Jessica
  1744 | D:3      | Reached skill level 1 in Dodging
  1744 | D:3      | Reached XP level 5. HP: 39/46 MP: 5/5
  1749 | D:3      | Found a burning altar of Makhleb.
  2016 | D:3      | HP: 1/47 [orc/club (5)]
  2017 | D:3      | Succumbed to a kobold's poison

Skill      XL: |  1  2  3  4  5 |
---------------+----------------+-----
Fighting       | 4 |  4.4
Armour         | 4 |  4.4
Dodging        | 1 |  1.0
Short Blades   | 3 |  3.5
Shields        | 4 |  4.1
Stealth        | |  0.5

Action                   |  1- 3 |  4- 6 || total
-------------------------+-------+-------++-------
Melee: Rapier            |    87 |   155 ||   242
Throw: Tomahawk          |     1 |       ||     1
  Use: Scroll            |       |     6 ||     6
       Potion            |       |     1 ||     1
  Eat: Royal jelly       |       |     1 ||     1
       Fruit             |       |     1 ||     1
       Bread ration      |       |     1 ||     1
Armor: Scale mail        |    43 |    33 ||    76
Dodge: Dodged            |    28 |    40 ||    68
Block: Shield            |    39 |    68 ||   107
